Map: Romanticide LE

Players

SKillous - Winner!

  • Race: Protoss Protoss

Strange

  • Race: Protoss Protoss

Event: DreamHack SC2 Masters 2021 Fall

VOD

Have the link to the VOD?

Description

Time

  • Played on: Aug. 3, 2021, 1:11 p.m.
  • Length: 11:25

All games in this series

Show
View Real Time Build Order
Export as new Build Order

SKillous Protoss - Winner!

Build Orders: Zealot Archon 

Get SALT Encoding   

  12  0:00  Probe  
  13  0:12  Probe  
  14  0:17  Pylon  
  14  0:24  Probe (Chrono Boost)  
  15  0:36  Probe (Chrono Boost)  
  15  0:37  Gateway  
  16  0:43  Assimilator  
  16  0:45  Probe (Chrono Boost)  
  17  0:52  Probe (Chrono Boost)  
  17  0:55  Assimilator  
  18  1:05  Probe (Chrono Boost)  
  18  1:09  Gateway  
  19  1:13  Probe (Chrono Boost)  
  20  1:19  Probe  
  20  1:25  Cybernetics Core  
  21  1:31  Probe  
  22  1:35  Pylon  
  22  1:43  Probe  
  23  1:55  Probe  
  23  2:00  Stalker  
  23  2:01  Sentry, Warp Gate  
  28  2:09  Probe  
  28  2:11  Pylon  
  29  2:18  Pylon  
  29  2:21  Probe  
  32  2:30  Sentry  
  32  2:34  Probe  
  33  2:38  Sentry  
  35  2:46  Probe  
  36  2:57  Nexus  
  36  2:58  Shield Battery  
  36  2:59  Probe  
  37  3:09  Pylon  
  37  3:11  Probe (Chrono Boost)  
  38  3:23  Probe (Chrono Boost)  
  38  3:24  Twilight Council  
  39  3:31  Probe (Chrono Boost)  
  39  3:33  Forge  
  40  3:38  Probe (Chrono Boost)  
  41  3:50  Stalker x2, Probe (Chrono Boost)  
  46  3:56  Probe (Chrono Boost)  
  46  4:00  Blink (Chrono Boost)  
  47  4:09  Probe (Chrono Boost)  
  49  4:11  Protoss Ground Weapons Level 1 (Chrono Boost)  
  49  4:14  Probe (Chrono Boost)  
  49  4:18  Probe (Chrono Boost)  
  49  4:22  Probe (Chrono Boost)  
  49  4:23  Probe (Chrono Boost)  
  51  4:26  Robotics Facility  
  52  4:34  Probe  
  52  4:35  Probe  
  54  4:46  Nexus, Probe  
  54  4:50  Pylon  
  56  4:54  Stalker  
  56  4:57  Stalker  
  56  4:59  Probe  
  60  5:01  Probe  
  60  5:03  Assimilator  
  61  5:07  Pylon  
  61  5:11  Probe  
  61  5:13  Observer  
  63  5:16  Probe  
  63  5:19  Stalker  
  63  5:20  Stalker  
  68  5:23  Probe  
  69  5:28  Probe  
  69  5:30  Gateway  
  70  5:35  Probe  
  70  5:40  Probe  
  70  5:41  Gateway  
  72  5:43  Observer  
  72  5:48  Probe  
  74  5:54  Probe (Chrono Boost)  
  75  5:58  Charge, Shield Battery  
  75  6:01  Probe (Chrono Boost)  
  77  6:04  Immortal  
  77  6:05  Probe (Chrono Boost)  
  77  6:07  Protoss Ground Weapons Level 2 (Chrono Boost)  
  77  6:08  Gateway  
  77  6:09  Gateway  
  77  6:10  Probe (Chrono Boost)  
  83  6:11  Probe (Chrono Boost)  
  83  6:14  Probe (Chrono Boost)  
  83  6:17  Probe x2  
  85  6:19  Assimilator  
  85  6:22  Assimilator  
  85  6:24  Probe  
  87  6:28  Assimilator  
  87  6:29  Probe  
  87  6:30  Probe  
  89  6:36  Probe  
  89  6:39  Gateway  
  90  6:41  Gateway, Probe  
  90  6:42  Probe  
  92  6:52  Pylon  
  92  6:53  Pylon  
  93  6:59  Pylon  
  92  7:04  Gateway  
  92  7:05  Gateway  
  92  7:07  Gateway  
  92  7:08  Gateway  
  92  7:09  Templar Archives  
  92  7:10  Immortal  
  96  7:19  Pylon  
  96  7:22  Pylon  
  96  7:23  Pylon  
  96  7:28  Zealot x6  
  108  7:37  Zealot x2  
  112  7:48  Nexus  
  112  7:49  High Templar x2, Warp Prism  
  118  7:52  High Templar x3  
  118  7:53  Archon  
  118  7:54  High Templar  
  118  7:56  Pylon  
  126  7:58  Archon  
  126  8:00  Archon  
  126  8:01  Zealot x2  
  126  8:03  Observer  
  130  8:09  Observer  
  130  8:10  Zealot  
  132  8:13  Pylon  
  132  8:22  Shield Battery, High Templar x2  
  132  8:23  Zealot x2  
  132  8:24  Pylon  
  132  8:25  Pylon  
  140  8:27  Archon  
  140  8:33  Zealot  
  140  8:34  Zealot x4  
  145  8:39  Pylon  
  149  8:46  High Templar x4  
  149  8:48  Zealot  
  155  8:50  Archon  
  155  8:51  Archon  
  155  8:55  Zealot x4  
  137  9:06  Zealot x3  
  115  9:12  Zealot  
  117  9:17  Warp Prism (Chrono Boost)  
  117  9:22  Zealot x5  
  127  9:31  High Templar  
  127  9:32  High Templar x3  
  127  9:35  Archon  
  127  9:36  Archon, Zealot x3  
  141  9:42  Zealot x5  
  151  9:46  Pylon  
  145  10:12  High Templar x3  
  145  10:13  High Templar, Zealot x2  
  157  10:14  Stalker x5  
  157  10:15  Stalker  
  157  10:17  Archon x2  
  139  10:36  Stalker x2  
  139  10:40  Stalker x6  
  155  10:47  Zealot x4  
  153  10:58  Zealot x2  
  153  11:00  Zealot x2  
  141  11:06  Zealot x4  
  141  11:07  Zealot x4  
  139  11:18  Zealot x2  
Show
View Real Time Build Order
Export as new Build Order

Strange Protoss 

Build Orders: Phoenix Opening, Blink Stalkers, Zealot Archon 

Get SALT Encoding   

  12  0:00  Probe  
  13  0:12  Probe  
  14  0:17  Pylon  
  14  0:24  Probe (Chrono Boost)  
  16  0:37  Probe (Chrono Boost)  
  16  0:38  Gateway  
  16  0:42  Probe (Chrono Boost)  
  16  0:46  Assimilator  
  17  0:51  Probe  
  17  0:54  Assimilator  
  18  1:03  Probe (Chrono Boost)  
  19  1:08  Gateway  
  19  1:13  Probe (Chrono Boost)  
  19  1:18  Probe (Chrono Boost)  
  20  1:25  Cybernetics Core  
  21  1:30  Probe  
  22  1:35  Pylon  
  22  1:42  Probe  
  23  1:54  Probe  
  24  2:02  Sentry, Warp Gate  
  24  2:06  Probe  
  29  2:13  Pylon  
  29  2:26  Pylon  
  30  2:35  Nexus  
  30  2:36  Sentry  
  29  2:40  Phoenix, Probe (Chrono Boost)  
  29  2:42  Sentry  
  32  2:50  Probe (Chrono Boost)  
  33  2:55  Probe (Chrono Boost)  
  34  2:58  Shield Battery  
  34  3:07  Probe (Chrono Boost)  
  34  3:08  Pylon  
  35  3:18  Twilight Council  
  35  3:19  Probe (Chrono Boost)  
  36  3:26  Probe (Chrono Boost)  
  37  3:27  Forge  
  37  3:33  Probe  
  38  3:47  Probe (Chrono Boost)  
  40  3:50  Probe (Chrono Boost)  
  40  3:55  Blink (Chrono Boost)  
  41  3:56  Probe (Chrono Boost)  
  41  3:58  Protoss Ground Weapons Level 1 (Chrono Boost)  
  41  3:59  Stalker, Probe (Chrono Boost)  
  41  4:01  Probe (Chrono Boost)  
  44  4:09  Probe  
  46  4:13  Probe  
  47  4:22  Nexus  
  47  4:25  Probe (Chrono Boost)  
  47  4:26  Probe (Chrono Boost)  
  47  4:30  Pylon  
  49  4:37  Probe (Chrono Boost)  
  51  4:39  Robotics Facility  
  51  4:41  Probe (Chrono Boost)  
  51  4:42  Assimilator  
  51  4:43  Probe (Chrono Boost)  
  52  4:46  Stalker x2  
  52  4:48  Probe  
  52  4:52  Probe  
  54  4:57  Gateway  
  54  5:00  Probe  
  54  5:01  Gateway  
  54  5:04  Probe  
  54  5:06  Stalker  
  58  5:11  Shield Battery  
  58  5:12  Probe  
  59  5:15  Stalker  
  59  5:16  Probe (Chrono Boost)  
  61  5:24  Photon Cannon  
  61  5:26  Observer  
  64  5:28  Probe (Chrono Boost)  
  64  5:29  Probe (Chrono Boost)  
  64  5:35  Stalker  
  66  5:37  Probe (Chrono Boost)  
  66  5:38  Stalker  
  66  5:39  Probe (Chrono Boost)  
  66  5:40  Probe (Chrono Boost)  
  66  5:42  Probe  
  71  5:49  Probe x2  
  74  5:50  Gateway x2  
  74  5:51  Protoss Ground Weapons Level 2 (Chrono Boost)  
  74  5:53  Charge (Chrono Boost)  
  74  5:54  Probe  
  75  6:01  Probe x2  
  77  6:07  Probe  
  77  6:08  Gateway  
  77  6:09  Gateway  
  77  6:11  Templar Archives  
  78  6:13  Probe  
  78  6:15  Probe  
  80  6:20  Pylon  
  80  6:22  Immortal (Chrono Boost)  
  84  6:26  Pylon  
  84  6:33  Nexus  
  84  6:39  Photon Cannon  
  84  6:42  Zealot x3  
  84  6:43  Zealot  
  92  6:57  Probe x2, Warp Prism (Chrono Boost)  
  92  7:01  Gateway  
  96  7:04  Probe  
  96  7:05  Gateway  
  96  7:06  Pylon  
  97  7:09  Probe  
  97  7:13  High Templar  
  97  7:15  Gateway  
  100  7:17  Pylon, Gateway  
  100  7:18  Pylon  
  100  7:25  Shield Battery  
  100  7:26  High Templar x2  
  100  7:27  High Templar, Zealot  
  108  7:32  Photon Cannon  
  108  7:34  Pylon, Archon  
  108  7:35  Archon  
  108  7:39  Photon Cannon  
  108  7:41  Zealot x3  
  114  7:45  Pylon  
  114  7:47  Zealot  
  116  7:53  Protoss Ground Weapons Level 3 (Chrono Boost)  
  116  7:54  Zealot  
  118  7:59  Zealot x5  
  118  8:03  Zealot x3  
  134  8:21  Zealot x9  
  134  8:23  Zealot x2  
  152  8:37  Pylon  
  152  8:39  Pylon  
  152  8:43  Zealot x3  
  152  8:44  Zealot x3  
  152  8:49  Zealot x2  
  150  8:58  Zealot x3  
  150  8:59  Zealot  
  135  9:05  Immortal  
  135  9:07  Zealot x3  
  135  9:08  Zealot x3  
  115  9:13  High Templar x2  
  113  9:22  Archon, Zealot x4  
  119  9:29  High Templar x2  
  119  9:30  Zealot x4  
  123  9:34  Archon  
  123  9:38  Assimilator  
  123  9:39  Assimilator, Shield Battery  
  123  9:42  Zealot x4  
  123  9:43  Zealot  
  132  9:54  Stalker x5  
  142  10:00  Shield Battery  
  142  10:06  Photon Cannon  
  142  10:09  Stalker x3  
  148  10:19  Zealot  
  148  10:20  Zealot x4  
  130  10:29  Stalker x4  
  130  10:34  Stalker x2  
  130  10:35  Stalker  
  138  10:49  Stalker  
  138  10:51  Zealot x4  
  138  10:55  Zealot x4  
  146  11:00  Zealot x3  
  89  11:12  Zealot x4  
  89  11:15  Zealot  
  89  11:18  High Templar x2, Zealot  

Tags
 
Add a new tag
Caveats
  • Supply blocks, unpowered buildings, or Contaminate may cause inaccurate times.
  • Supply counts are checked every 10 seconds.